 Dungeon Crawl Stone Soup version 0.24-a0-201-gf2055891f0 (webtiles) character file.

Game seed: 3092562389423546184

270 Esekla the Slasher (level 6, -15/46 HPs)
             Began as a Vampire Skald on Mar 21, 2019.
             Demolished by an ogre
             ... wielding a +0 giant club
              (28 damage)
             ... on level 4 of the Dungeon.
             The game lasted 00:34:50 (4046 turns).

Esekla the Slasher (Vampire Skald)                  Turns: 4046, Time: 00:34:51

Health: -15/46     AC:  5    Str: 10    XL:     6   Next: 1%
Magic:  0/9        EV: 12    Int: 16    God:
Gold:   168        SH:  0    Dex: 15    Spells: 1/9 levels left

rFire    . . .     SeeInvis +   a - +1 falchion
rCold    + . .     Gourm    .   (no shield)
rNeg     + + .     Faith    .   b - +1 leather armour
rPois    +         Spirit   .   (no helmet)
rElec    .         Reflect  .   o - +0 cloak
rCorr    .         Harm     .   (no gloves)
MR       .....                  (no boots)
Stlth    ++........             (no amulet)
HPRegen  0.07/turn              r - ring of poison resistance
MPRegen  0.11/turn              (no ring)

@: lethally poisoned (-15 -> -20), infused (expiring), singing, very slightly
contaminated, regenerating slowly
A: fangs 3, see invisible, unbreathing
a: Bat Form


You were on level 4 of the Dungeon.
You were thirsty.

You visited 1 branch of the dungeon, and saw 4 of its levels.

You collected 168 gold pieces.

Inventory:

Hand Weapons
 a - a +1 falchion (weapon)
 h - a +0 dagger
 s - a +4 hand axe
Armour
 b - a +1 leather armour (worn)
 o - a +0 cloak (worn)
Jewellery
 r - a ring of poison resistance (left hand)
Wands
 m - a wand of digging (4)
Scrolls
 e - a scroll of noise {unknown}
 g - 2 scrolls of enchant armour
 i - 2 scrolls of enchant weapon
 j - a scroll of magic mapping {unknown}
 n - a scroll of teleportation {unknown}
Potions
 c - 4 potions of brilliance
 d - 15 potions of blood
 f - 2 potions of agility
 k - a potion of flight {unknown}
 l - a potion of haste {unknown}
 p - 2 potions of mutation {unknown}
 q - a potion of ambrosia {unknown}


   Skills:
 + Level 2.4 Fighting
 * Level 4.8 Long Blades
 + Level 1.5 Armour
 + Level 2.8 Dodging
 + Level 2.3 Spellcasting
 - Level 3.2 Charms
 * Level 1.3 Translocations


You had one spell level left.
You knew the following spells:

 Your Spells              Type           Power        Failure   Level  Hunger
a - Infusion              Chrm           ##..         7%          1    #......
b - Shroud of Golubria    Chrm/Tloc      #.........   16%         2    ###....
c - Song of Slaying       Chrm           ##......     11%         2    ###....
d - Spectral Weapon       Hex/Chrm       #.......     38%         3    ###....

Your spell library contained the following spells:

 Spells                   Type           Power        Failure   Level  Hunger
 Regeneration             Chrm/Necr      #.........   38%         3    ###....


Dungeon Overview and Level Annotations

Branches:
Dungeon (4/15)
 Temple: D:4-7

Altars:

Annotations:
D:3 Grinder


Innate Abilities, Weirdness & Mutations

You heal slowly.
You have razor-sharp teeth.
You have supernaturally acute eyesight. (SInv)
You can survive without breathing.


Message History

An ogre comes into view. It is wielding a +0 giant club.
You feel sick.
The ogre shouts!
The orc wizard barely misses you.
You riposte.
You hit the orc wizard.
The orc wizard is moderately wounded.
Things that are here:
a +0 short sword; a worker ant corpse Your magical infusion is running out.
You completely miss the ogre. The ogre closely misses you.
You riposte.
You hit the ogre.
The ogre is moderately wounded.
You barely miss the ogre.
The ogre is moderately wounded.
You feel sick. The ogre hits you with a +0 giant club!
* * * LOW HITPOINT WARNING * * *
You barely miss the ogre.
The ogre is moderately wounded.
The ogre hits you with a +0 giant club!!
Ouch! That really hurt!
You die...

#..... .. #....#
... #....#....
#....#....
#.#####.........
#......<........
#######.......#.
########o........
#.....@Oo........
########.#####.#.
#.# # #.# #.# #.#
#.. #.#


You could see an ogre and 2 orc wizards.

Vanquished Creatures
  An orc priest (D:3)
  Jessica (D:3)
  A worker ant (D:4)
  Terence (D:2)
  A gnoll (D:1)
  4 adders
  3 worms
  3 dart slugs (D:1)
  A leopard gecko (D:1)
  11 orcs
  A ball python (D:2)
  11 bats
  12 giant cockroaches
  8 goblins
  12 hobgoblins
  2 jackals (D:1)
  A quokka (D:2)
  3 frilled lizards
  A jackal skeleton (D:3)
  8 kobolds
  A quokka skeleton (D:2)
  9 rats
96 creatures vanquished.

Notes
Turn   | Place    | Note
-------+----------+-------------------------------------------
     0 | D:1      | Esekla the Vampire Skald began the quest for the Orb.
     0 | D:1      | Reached XP level 1. HP: 16/16 MP: 3/3
    34 | D:1      | Reached XP level 2. HP: 10/22 MP: 0/5
   312 | D:1      | Reached skill level 1 in Armour
   449 | D:2      | Noticed Terence
   455 | D:1      | Learned a level 2 spell: Shroud of Golubria
   458 | D:1      | Learned a level 2 spell: Song of Slaying
   521 | D:1      | Reached skill level 3 in Long Blades
   533 | D:1      | Reached XP level 3. HP: 6/27 MP: 2/6
  1159 | D:1      | Reached XP level 4. HP: 32/33 MP: 1/7
  1560 | D:3      | Reached skill level 4 in Long Blades
  2242 | D:2      | Killed Terence
  2242 | D:2      | Reached XP level 5. HP: 23/38 MP: 1/8
  2260 | D:2      | Reached skill level 1 in Translocations
  2944 | D:3      | Noticed Jessica
  2986 | D:3      | Killed Jessica
  3289 | D:2      | Learned a level 3 spell: Spectral Weapon
  3389 | D:4      | Noticed Grinder
  3394 | D:4      | Paralysed by Grinder for 3 turns
  3642 | D:4      | Paralysed by Grinder for 3 turns
  3655 | D:3      | Paralysed by Grinder for 7 turns
  3916 | D:3      | Paralysed by Grinder for 4 turns
  3960 | D:3      | Paralysed by Grinder for 4 turns
  4040 | D:4      | Reached XP level 6. HP: 24/46 MP: 2/9
  4046 | D:4      | Demolished by an ogre

Levels and vault maps discovered:
D:1:      minmay_arrival_stair_chambers, layout_basic,
          hangedman_abyss_or_decor_lesser_grid
D:2:      layout_loops_ring, uniq_terence
D:3:      layout_loops_ring, uniq_jessica
D:4:      layout_basic, first_ration, grunt_tough_drop, uniq_grinder

Skill      XL: |  1  2  3  4  5 |
---------------+----------------+-----
Fighting       | 2 |  2.4
Armour         | 1 |  1.5
Long Blades    | 3 4 |  4.8
Translocations | 1 |  1.3
Dodging        | |  2.8
Spellcasting   | |  2.3
Charms         | |  3.2

Action                   |  1- 3 |  4- 6 || total
-------------------------+-------+-------++-------
Melee: Falchion          |   106 |   189 ||   295
       Bite              |    13 |    12 ||    25
       Dagger            |       |     4 ||     4
 Cast: Infusion          |     5 |    14 ||    19
       Song of Slaying   |     2 |     3 ||     5
       Shroud of Golubri |     1 |     1 ||     2
 Abil: End Transformatio |       |     3 ||     3
       Bat Form          |       |     3 ||     3
  Use: Potion            |     1 |     7 ||     8
       Scroll            |       |     4 ||     4
 Stab: Sleeping          |       |     4 ||     4
Armor: Leather armour    |    28 |    35 ||    63
Dodge: Dodged            |    96 |   110 ||   206
       Rpst.: Falchion   |    25 |    33 ||    58

Table legend:
 A = Non-vault XP
 B = Vault XP
 C = Vault XP percentage of total XP
 D = Non-vault monster count
 E = Vault monster count
 F = Vault count percentage of total count
                 A         B        C        D         E       F
            +---------+---------+-------+---------+---------+-------
      Total |     317 |      69 |  17.9 |      94 |       2 |   2.1
            +---------+---------+-------+---------+---------+-------
        D:1 |      73 |       0 |   0.0 |      33 |       0 |   0.0
        D:2 |      74 |      32 |  30.2 |      28 |       1 |   3.4
        D:3 |     134 |      37 |  21.6 |      31 |       1 |   3.1
        D:4 |      36 |       0 |   0.0 |       2 |       0 |   0.0
            +---------+---------+-------+---------+---------+-------
